NWL (28 & UNDER)
MENLO MANIACS @ BALZAC RAMS
05/11/2027
 
TOP OF THE 1ST
Menlo Maniacs batting - Pitching for Balzac Rams : RHP John Wells
Pitching: RHP John Wells
Batting: RHB Gabriel Erwin 0-0: Ball
1-0: Ball
2-0: Ball
3-0: Swinging Strike
3-1: Called Strike
3-2: Foul Ball, location: 2F
3-2: Foul Ball, location: 2F
3-2: Ground out 5-3 (Groundball, 56)
Batting: LHB Dave Lee 0-0: Fly out, F7 (Flyball, 78S)
Batting: LHB Keith Green 0-0: Ball
1-0: Foul Ball, location: 2F
1-1: Ball
2-1: Foul Ball, location: 2F
2-2: Foul Ball, location: 2F
2-2: Foul Ball, location: 2F
2-2: Ball
3-2: Fly out, F6 (Popup, 6MD)
Top of the 1st over - 0 run(s), 0 hit(s), 0 error(s), 0 left on base; Menlo 0 - Balzac 0
BOTTOM OF THE 1ST
Balzac Rams batting - Pitching for Menlo Maniacs : RHP Bill Peterson
Pitching: RHP Bill Peterson
Batting: RHB Luis Suárez 0-0: Fly out, F8 (Flyball, 78S)
Batting: RHB Brian Parks 0-0: Ball
1-0: Ball
2-0: Ball
3-0: Called Strike
3-1: Base on Balls
Batting: LHB Fernando Cruz 0-0: Ball
1-0: Called Strike
1-1: Called Strike
1-2: Ball
2-2: Strikes out swinging
Batting: LHB Daniel Carter 0-0: Called Strike
Brian Parks steals 2nd base
0-1: Foul Ball, location: 2F
0-2: Ball
1-2: SINGLE (Groundball, 56) (infield hit)
Brian Parks to third
Batting: RHB Jeff Stevenson 0-0: Ball
1-0: Called Strike
1-1: Ball
2-1: Fly out, F8 (Flyball, 8RM)
Bottom of the 1st over - 0 run(s), 1 hit(s), 0 error(s), 2 left on base; Menlo 0 - Balzac 0
TOP OF THE 2ND
Menlo Maniacs batting - Pitching for Balzac Rams : RHP John Wells
Batting: RHB Juan Robles 0-0: Called Strike
0-1: Ball
1-1: SINGLE (Line Drive, 6D)
Batting: LHB Marcos Vázquez 0-0: Foul Ball, location: 2F
0-1: Ball
1-1: Foul Ball, location: 2F
1-2: Strikes out looking
Batting: LHB Bill McCraney 0-0: Called Strike
0-1: Ball
1-1: Ball
2-1: Fly out, F5 (Popup, 5D)
Batting: LHB Mike Harris 0-0: Called Strike
0-1: Called Strike
0-2: Ball
1-2: Ball
2-2: Foul Ball, location: 2F
2-2: Strikes out looking
Top of the 2nd over - 0 run(s), 1 hit(s), 0 error(s), 1 left on base; Menlo 0 - Balzac 0
BOTTOM OF THE 2ND
Balzac Rams batting - Pitching for Menlo Maniacs : RHP Bill Peterson
Batting: RHB James Tucker 0-0: Ball
1-0: Ball
2-0: Called Strike
2-1: Called Strike
2-2: Foul Ball, location: 2F
2-2: Ball
3-2: Fly out, F6 (Popup, 4MS)
Batting: RHB Tommy Wilson 0-0: Called Strike
0-1: Ball
1-1: Called Strike
1-2: Ground out 6-3 (Groundball, 6)
Batting: RHB Enrique Castillo 0-0: Ball
1-0: Called Strike
1-1: Foul Ball, location: 2F
1-2: Strikes out swinging
Bottom of the 2nd over - 0 run(s), 0 hit(s), 0 error(s), 0 left on base; Menlo 0 - Balzac 0
TOP OF THE 3RD
Menlo Maniacs batting - Pitching for Balzac Rams : RHP John Wells
Batting: RHB Héctor Vázquez 0-0: Ball
1-0: Ball
2-0: Called Strike
2-1: Fly out, F7 (Line Drive, 7S)
Batting: LHB Bernardo Rodríguez 0-0: Ball
1-0: Ball
2-0: Ground out U3 (Groundball, 3S)
Batting: RHB Gabriel Erwin 0-0: Ball
1-0: Ball
2-0: Ball
3-0: Base on Balls
Batting: LHB Dave Lee 0-0: Ball
1-0: Ball
2-0: Called Strike
2-1: SINGLE (Groundball, 4MD)
Gabriel Erwin to second
Batting: LHB Keith Green 0-0: Fielders Choice at 2nd, 4-6 (Groundball, 34)
Top of the 3rd over - 0 run(s), 1 hit(s), 0 error(s), 1 left on base; Menlo 0 - Balzac 0
BOTTOM OF THE 3RD
Balzac Rams batting - Pitching for Menlo Maniacs : RHP Bill Peterson
Batting: RHB Octávio Aldeguer 0-0: Called Strike
0-1: Called Strike
0-2: Ball
1-2: Foul Ball, location: 2F
1-2: Ball
2-2: Strikes out looking
Batting: RHB Luis Suárez 0-0: Swinging Strike
0-1: Ground out 5-3 (Groundball, 56)
Batting: RHB Brian Parks 0-0: Foul Ball, location: 2F
0-1: Ball
1-1: Called Strike
1-2: Strikes out swinging
Bottom of the 3rd over - 0 run(s), 0 hit(s), 0 error(s), 0 left on base; Menlo 0 - Balzac 0
TOP OF THE 4TH
Menlo Maniacs batting - Pitching for Balzac Rams : RHP John Wells
Batting: RHB Juan Robles 0-0: Called Strike
0-1: Fly out, F7 (Flyball, 7LD)
Batting: LHB Marcos Vázquez 0-0: Ball
1-0: Called Strike
1-1: Ball
2-1: Ball
3-1: Base on Balls
Batting: LHB Bill McCraney 0-0: Ball
1-0: Ball
2-0: Called Strike
2-1: SINGLE (Line Drive, 4)
Marcos Vázquez to second
Runner from 2nd tries for 3rd, SAFE, throw made to third
Batting: LHB Mike Harris 0-0: Foul Ball, location: 2F
0-1: Grounds into double play, 4-6-3 (Groundball, 4)
Top of the 4th over - 0 run(s), 1 hit(s), 0 error(s), 1 left on base; Menlo 0 - Balzac 0
BOTTOM OF THE 4TH
Balzac Rams batting - Pitching for Menlo Maniacs : RHP Bill Peterson
Batting: LHB Fernando Cruz 0-0: Ground out U3 (Groundball, 3)
Batting: LHB Daniel Carter 0-0: Ball
1-0: Foul Ball, location: 2F
1-1: Ball
2-1: SINGLE (Groundball, 4D)
Batting: RHB Jeff Stevenson 0-0: Called Strike
0-1: Fly out, F6 (Popup, 6MS)
Batting: RHB James Tucker 0-0: Called Strike
Daniel Carter steals 2nd base
0-1: Called Strike
0-2: Ball
1-2: Ball
2-2: Foul Ball, location: 2F
2-2: Strikes out swinging
Bottom of the 4th over - 0 run(s), 1 hit(s), 0 error(s), 1 left on base; Menlo 0 - Balzac 0
TOP OF THE 5TH
Menlo Maniacs batting - Pitching for Balzac Rams : RHP John Wells
Batting: RHB Héctor Vázquez 0-0: Called Strike
0-1: Ball
1-1: Swinging Strike
1-2: Foul Ball, location: 2F
1-2: Foul Ball, location: 2F
1-2: Ball
2-2: Foul Ball, location: 2F
2-2: Ball
3-2: Base on Balls
Batting: LHB Bernardo Rodríguez 0-0: Ball
1-0: Foul Ball, location: 2F
1-1: DOUBLE (Line Drive, 8RXD)
Héctor Vázquez to third
Batting: RHB Gabriel Erwin 0-0: Ball
Wild Pitch!
Héctor Vázquez scores
Bernardo Rodríguez to third
1-0: Fly out, F9 (Flyball, 9S)
Batting: LHB Dave Lee 0-0: Ball
1-0: Fly out, F7 (Flyball, 7S)
Batting: LHB Keith Green 0-0: Ball
1-0: Ball
2-0: Ball
3-0: Called Strike
3-1: Base on Balls
Batting: RHB Juan Robles 0-0: Ball
1-0: Fly out, F8 (Flyball, 8LM)
Top of the 5th over - 1 run(s), 1 hit(s), 0 error(s), 2 left on base; Menlo 1 - Balzac 0
BOTTOM OF THE 5TH
Balzac Rams batting - Pitching for Menlo Maniacs : RHP Bill Peterson
Batting: RHB Tommy Wilson 0-0: Ball
1-0: Foul Ball, location: 2F
1-1: Ground out 3-1 (Groundball, 34)
Batting: RHB Enrique Castillo 0-0: Swinging Strike
0-1: Swinging Strike
0-2: Ball
1-2: Foul Ball, location: 2F
1-2: Ground out 6-3 (Groundball, 6)
Batting: RHB Octávio Aldeguer 0-0: Fly out, F8 (Line Drive, 8RM)
Bottom of the 5th over - 0 run(s), 0 hit(s), 0 error(s), 0 left on base; Menlo 1 - Balzac 0
TOP OF THE 6TH
Menlo Maniacs batting - Pitching for Balzac Rams : RHP John Wells
Batting: LHB Marcos Vázquez 0-0: Called Strike
0-1: Foul Ball, location: 2F
0-2: Foul Ball, location: 2F
0-2: Strikes out swinging
Batting: LHB Bill McCraney 0-0: Ball
1-0: SINGLE (Line Drive, 9LM)
Batting: LHB Mike Harris 0-0: Ball
1-0: Called Strike
1-1: Called Strike
1-2: Foul Ball, location: 2F
1-2: Foul Ball, location: 2F
1-2: Ball
2-2: Ball
3-2: Fielders Choice at 2nd, 6-4 (Groundball, 6)
Pitching: LHP Nick Johnson
Batting: RHB Héctor Vázquez 0-0: Ball
1-0: Called Strike
1-1: Ball
Pickoff Throw to First - Out!
Top of the 6th over - 0 run(s), 1 hit(s), 0 error(s), 0 left on base; Menlo 1 - Balzac 0
BOTTOM OF THE 6TH
Balzac Rams batting - Pitching for Menlo Maniacs : RHP Bill Peterson
Batting: RHB Luis Suárez 0-0: Called Strike
0-1: SINGLE (Flyball, 9LS)
Batting: RHB Brian Parks 0-0: Ball
1-0: Foul Ball, location: 2F
1-1: Ball
2-1: Ball
3-1: Called Strike
3-2: Strikes out looking
Batting: LHB Fernando Cruz 0-0: Ball
1-0: Called Strike
Luis Suárez steals 2nd base
1-1: Foul Ball, location: 2F
1-2: SINGLE (Groundball, 34D)
Luis Suárez to third
Runner from 3rd tries for Home, SAFE, no throw
Batting: LHB Daniel Carter 0-0: Ball
1-0: Foul Ball, location: 2F
1-1: Ball
2-1: Ball
3-1: SINGLE (Line Drive, 78M)
Fernando Cruz to second
Batting: RHB Jeff Stevenson 0-0: Ground out 5-3 (Groundball, 56S)
Fernando Cruz to third
Daniel Carter to second
Batting: RHB James Tucker 0-0: Called Strike
0-1: Called Strike
0-2: Ground out 5-3 (Groundball, 56S)
Bottom of the 6th over - 1 run(s), 3 hit(s), 0 error(s), 2 left on base; Menlo 1 - Balzac 1
TOP OF THE 7TH
Menlo Maniacs batting - Pitching for Balzac Rams : LHP Nick Johnson
Batting: RHB Héctor Vázquez 0-0: Ball
1-0: Ball
2-0: Called Strike
2-1: Foul Ball, location: 2F
2-2: SINGLE (Flyball, 89S)
Pinch Hitting: RHB Luis Ramírez 0-0: Fly out, F9 (Flyball, 9LS)
Batting: RHB Gabriel Erwin 0-0: Ball
1-0: Called Strike
1-1: Ball
2-1: Ball
3-1: Fielders Choice at 2nd, 6-4 (Groundball, 6)
Pinch Hitting: RHB Ernest Russell 0-0: Called Strike
0-1: Ball
1-1: Ball
2-1: Ball
3-1: Swinging Strike
3-2: Fly out, F7 (Flyball, 78XD)
Top of the 7th over - 0 run(s), 1 hit(s), 0 error(s), 1 left on base; Menlo 1 - Balzac 1
BOTTOM OF THE 7TH
Balzac Rams batting - Pitching for Menlo Maniacs : RHP Bill Peterson
Now at 2B: Ernest Russell
Now at SS: Luis Ramírez
Batting: RHB Tommy Wilson 0-0: Reached on error, E6 (Groundball, 6M)
Batting: RHB Enrique Castillo 0-0: Sac Bunt - play at second, runner OUT! 1-6
Batting: RHB Octávio Aldeguer 0-0: Called Strike
0-1: Ball
Passed Ball!
Enrique Castillo to second
1-1: Ground out 4-3 (Groundball, 4)
Enrique Castillo to third
Batting: RHB Luis Suárez 0-0: Ground out 6-3 (Groundball, 6)
Bottom of the 7th over - 0 run(s), 0 hit(s), 1 error(s), 1 left on base; Menlo 1 - Balzac 1
TOP OF THE 8TH
Menlo Maniacs batting - Pitching for Balzac Rams : LHP Nick Johnson
Batting: LHB Keith Green 0-0: Ball
1-0: Foul Ball, location: 2F
1-1: Fly out, F7 (Flyball, 78M)
Batting: RHB Juan Robles 0-0: Ball
1-0: Ball
2-0: Foul Ball, location: 2F
2-1: DOUBLE (Line Drive, 89D)
Pinch Hitting: RHB Dani Torres 0-0: Intentional Walk
Pitching: RHP David Elías
Batting: LHB Bill McCraney 0-0: SINGLE (Groundball, 4S) (infield hit)
Juan Robles to third
Dani Torres to second
Batting: LHB Mike Harris 0-0: Ball
1-0: Grounds into fielders choice 4-2 (Groundball, 4)
Dani Torres to third
Bill McCraney to second
Pinch Hitting: LHB Frank Young 0-0: Ball
1-0: Foul Ball, location: 2F
1-1: Swinging Strike
1-2: Ball
2-2: Foul Ball, location: 2F
2-2: Foul Ball, location: 2F
2-2: SINGLE (Groundball, 6D)
Dani Torres scores
Bill McCraney to third
Mike Harris to second
Runner from 3rd tries for Home, throw and OUT!
Top of the 8th over - 1 run(s), 3 hit(s), 0 error(s), 2 left on base; Menlo 2 - Balzac 1
BOTTOM OF THE 8TH
Balzac Rams batting - Pitching for Menlo Maniacs : RHP Bill Peterson
Pitching: RHP José Gusmán
Now at 2B: Dani Torres
Now in RF: Frank Young
Batting: RHB Brian Parks 0-0: DOUBLE (Flyball, 78D)
Pitching: LHP Sam McMillan
Batting: LHB Fernando Cruz 0-0: Ball
1-0: Foul Ball, location: 2F
1-1: Called Strike
1-2: Ball
2-2: Ball
3-2: Foul Ball, location: 2F
3-2: Base on Balls
Batting: LHB Daniel Carter 0-0: Called Strike
0-1: DOUBLE (Line Drive, 89D)
Brian Parks scores
Fernando Cruz to third
Batting: RHB Jeff Stevenson 0-0: Fly out, F9 (Line Drive, 9S)
Batting: RHB James Tucker 0-0: Ball
1-0: Foul Ball, location: 2F
1-1: Foul Ball, location: 2F
1-2: Foul Ball, location: 2F
1-2: Foul Ball, location: 2F
1-2: Fly out, F7 (Flyball, 78S)
Batting: RHB Tommy Wilson 0-0: Foul Ball, location: 2F
0-1: Called Strike
0-2: Strikes out swinging
Bottom of the 8th over - 1 run(s), 2 hit(s), 0 error(s), 2 left on base; Menlo 2 - Balzac 2
TOP OF THE 9TH
Menlo Maniacs batting - Pitching for Balzac Rams : RHP David Elías
Pitching: RHP John Dickson
Pinch Hitting: LHB Richard Olvera 0-0: Ball
1-0: Ball
2-0: Called Strike
2-1: Foul Ball, location: 2F
2-2: Ball
3-2: Base on Balls
Batting: RHB Gabriel Erwin 0-0: Ball
1-0: Sac Bunt - play at first, batter OUT! 5-4
Richard Olvera to second
Pinch Hitting: LHB Vicente Chávez 0-0: Ball
1-0: Ball
2-0: Ball
3-0: Base on Balls
Batting: LHB Keith Green 0-0: Ball
Richard Olvera is caught stealing 3rd base
Vicente Chávez to second
1-0: Ball
2-0: Ball
3-0: Called Strike
3-1: Base on Balls
Pinch Runner at 2nd Javier Ortíz:
Batting: RHB Juan Robles 0-0: Called Strike
0-1: Swinging Strike
0-2: Foul Ball, location: 2F
0-2: Strikes out swinging
Top of the 9th over - 0 run(s), 0 hit(s), 0 error(s), 2 left on base; Menlo 2 - Balzac 2
BOTTOM OF THE 9TH
Balzac Rams batting - Pitching for Menlo Maniacs : LHP Sam McMillan
Now at 3B: Chris Hall
Now at SS: David Strickland
Batting: RHB Enrique Castillo 0-0: Called Strike
0-1: Ball
1-1: Ground out 6-3 (Groundball, 6)
Batting: RHB Octávio Aldeguer 0-0: Ball
1-0: Ball
2-0: Called Strike
2-1: SINGLE (Line Drive, 89S)
Batting: RHB Luis Suárez 0-0: Ball
1-0: Foul Ball, location: 2F
1-1: Ball
Octávio Aldeguer is caught stealing 2nd base
2-1: Ground out 4-3 (Groundball, 4M)
Bottom of the 9th over - 0 run(s), 1 hit(s), 0 error(s), 0 left on base; Menlo 2 - Balzac 2
TOP OF THE 10TH
Menlo Maniacs batting - Pitching for Balzac Rams : RHP John Dickson
Batting: RHB Dani Torres 0-0: Ball
1-0: Ball
2-0: Ball
3-0: Base on Balls
Batting: LHB Bill McCraney 0-0: Called Strike
0-1: Called Strike
0-2: Ball
1-2: Ball
2-2: Strikes out looking
Batting: LHB Mike Harris 0-0: Called Strike
0-1: Ball
1-1: Fly out, F7 (Flyball, 7S)
Batting: LHB Frank Young 0-0: Ball
1-0: Ball
2-0: Ball
3-0: Base on Balls
Dani Torres to second
Batting: RHB David Strickland 0-0: Ball
1-0: Ball
2-0: Ball
3-0: Base on Balls
Dani Torres to third
Frank Young to second
Batting: RHB Gabriel Erwin 0-0: Called Strike
0-1: Called Strike
0-2: Fly out, F5 (Popup, 5S)
Top of the 10th over - 0 run(s), 0 hit(s), 0 error(s), 3 left on base; Menlo 2 - Balzac 2
BOTTOM OF THE 10TH
Balzac Rams batting - Pitching for Menlo Maniacs : LHP Sam McMillan
Batting: RHB Brian Parks 0-0: Ground out 4-3 (Groundball, 4)
Pinch Hitting: RHB Félix Quintero 0-0: Foul Ball, location: 2F
0-1: Swinging Strike
0-2: Foul Ball, location: 2F
0-2: Foul Ball, location: 2F
0-2: Ball
1-2: SINGLE (Line Drive, 89S)
Batting: LHB Daniel Carter 0-0: Ball
1-0: Foul Ball, location: 2F
1-1: Foul Ball, location: 2F
1-2: Ball
2-2: SINGLE (Groundball, 34D)
Félix Quintero to second
Runner from 2nd tries for 3rd, SAFE, throw made to third
Batting: RHB Jeff Stevenson 0-0: Called Strike
0-1: TRIPLE (Flyball, 8RD)
Félix Quintero scores
Thursday, March 30th, 2017 - OOTP Baseball 17.12 Build 75